Punishers vs Demolitions
(R3)
Created - 26 septembre 2014 at 19:01
Goals
|
Punishers |
4 |
2 |
1 |
7 |
Demolitions |
1 |
0 |
2 |
3 |
|
Shots
|
Punishers |
16 |
8 |
7 |
31 |
Demolitions |
11 |
7 |
12 |
30 |
|
1st period
1. Punishers , Mark Fraser 1 (Éric Perrin, Adam McQuaid) at 0:58 (PP)
2. Punishers , Brad Isbister 2 (Tom Gilbert) at 1:33
3. Punishers , Mike Grier 2 (Kris Chucko, Éric Perrin) at 4:09
4. Demolitions , Petr Vrana 1 (Jordan LaVallee, Anthony Stewart) at 7:48 (SH)
5. Punishers , Tanner Glass 1 (Adam Pineault, Petteri Nokelainen) at 8:24 (PP)
Penalties :
Brad Richardson (Vic) for Holding (Minor) at 0:13, Chris Wideman (Vic) for Roughing (Double Minor) at 6:15, Jeremy Williams (Vic) for Holding (Minor) at 12:30, Petr Vrana (Vic) for Hooking (Minor) at 16:19
2nd period
6. Punishers , Adam Pineault 1 (Tom Gilbert, Tanner Glass) at 0:29
7. Punishers , Mike Blunden 1 (Brad Isbister, Zach Jones) at 11:56
Penalties :
Anssi Salmela (Vic) for Holding (Minor) at 9:38, Petteri Nokelainen (Pro) for Close Hand On Puck (Minor) at 12:13
3rd period
8. Demolitions , T.J. Hensick 2 (Jeremy Williams, Bobby Butler) at 9:17
9. Demolitions , Jordan LaVallee 1 (Kyle Cumiskey, Anton Babchuk) at 14:32
10. Punishers , Troy Bodie 1 (Brandon McMillan, Radek Smolenak) at 19:31
Penalties :
Brad Richardson (Vic) for Fighting (Major) at 0:50, Mike Grier (Pro) for Fighting (Major) at 0:50, Bobby Butler (Vic) for High sticking (Minor) at 2:36, Kyle Cumiskey (Vic) for Interference (Minor) at 6:59, Ryan Craig (Vic) for Close Hand On Puck (Minor) at 12:00, Seth Helgeson (Vic) for Tripping (Minor) at 16:44
Goalie Stats
Robin Lehner (Pro), 27 saves from 30 shots - (0,900), W, 1-0-0, 60:00 minutes
Brent Krahn (Vic), 4 saves from 8 shots - (0,500), L, 0-1-0, 8:24 minutes
Justin Pogge (Vic), 20 saves from 23 shots - (0,870), 51:36 minutes
Players Stats for Punishers
Player Name G A P +/- PIM S H SB GA TA FO MP PP MP PK MP
------------------------------------------------------------------------------------
Adam McQuaid 0 1 1 0 0 0 0 0 0 1 0/0 14:41 6:29 0:00
Adam Pineault 1 1 2 1 0 4 0 0 1 0 0/0 18:28 7:20 0:00
Brad Isbister 1 1 2 0 0 1 2 0 1 0 1/2 9:54 0:13 0:59
Brandon McMillan 0 1 1 0 0 0 2 0 0 0 0/5 8:23 0:52 0:00
Casey Cizikas 0 0 0 -1 0 0 0 0 0 0 0/1 11:41 1:18 0:50
Éric Perrin 0 2 2 1 0 4 2 0 0 0 7/27 23:43 8:47 0:41
Justin Falk 0 0 0 0 0 1 0 0 0 0 0/0 11:19 0:00 0:58
Keaton Ellerby 0 0 0 2 0 1 0 2 2 1 0/0 26:32 10:18 1:01
Kris Chucko 0 1 1 1 0 2 3 0 0 0 2/5 23:32 8:47 0:30
Mark Fraser 1 0 1 -1 0 1 1 3 0 1 0/0 20:23 6:16 1:01
Mike Blunden 1 0 1 -1 0 3 0 0 0 0 0/0 9:11 0:27 0:00
Mike Grier 1 0 1 1 5 4 2 0 0 0 1/1 21:56 7:49 0:58
Mike Weber 0 0 0 1 0 0 0 0 0 0 0/0 6:36 0:13 0:00
Petteri Nokelainen 0 1 1 1 2 2 3 0 0 1 12/21 18:37 7:24 0:00
Radek Smolenak 0 1 1 1 0 1 0 0 0 0 0/1 7:01 0:00 0:00
Simon Despres 0 0 0 0 0 0 1 0 0 0 0/0 7:28 0:00 0:00
Tanner Glass 1 1 2 1 0 3 1 0 0 0 1/1 18:32 7:24 0:00
Tom Gilbert 0 2 2 2 0 3 4 1 2 1 0/0 25:33 10:18 0:58
Troy Bodie 1 0 1 1 0 1 2 0 0 0 0/0 7:01 0:00 0:00
Zach Jones 0 1 1 0 0 0 0 0 0 1 0/0 7:28 0:00 0:00
Players Stats for Demolitions
Player Name G A P +/- PIM S H SB GA TA FO MP PP MP PK MP
------------------------------------------------------------------------------------
Anssi Salmela 0 0 0 -1 2 0 1 3 0 1 0/0 19:10 0:37 5:50
Anthony Stewart 0 1 1 0 0 3 3 1 1 1 0/0 13:09 0:00 5:20
Anton Babchuk 0 1 1 0 0 0 1 2 0 0 0/0 26:05 1:22 9:42
Bobby Butler 0 1 1 -1 2 3 0 0 0 0 0/0 13:09 0:57 0:00
Brad Richardson 0 0 0 -1 7 4 2 0 1 1 3/5 21:36 1:02 8:00
Chris Wideman 0 0 0 0 4 0 0 0 0 0 0/0 4:16 0:00 0:11
Corban Knight 0 0 0 -1 0 0 1 0 0 0 1/3 8:33 0:00 1:18
Daniel Paille 0 0 0 -1 0 5 1 0 0 1 10/13 24:15 1:02 9:27
Darren Helm 0 0 0 0 0 3 0 0 0 0 3/4 8:51 0:02 0:00
Jeremy Williams 0 1 1 -1 2 1 0 1 0 0 3/4 18:17 0:57 4:18
Jordan LaVallee 1 1 2 1 0 2 0 0 0 1 0/0 9:43 0:00 1:53
Karl Alzner 0 0 0 -2 0 1 0 2 0 0 0/0 20:30 0:37 7:02
Konstantin Pushkarev 0 0 0 -1 0 0 0 1 1 0 0/0 7:15 0:00 0:00
Kyle Cumiskey 0 1 1 1 2 1 4 2 0 0 0/0 28:41 1:22 8:32
Petr Vrana 1 0 1 0 2 2 1 0 0 1 0/0 10:45 0:00 3:18
Ryan Craig 0 0 0 -1 2 2 1 0 2 0 13/23 14:13 1:00 0:00
Seth Helgeson 0 0 0 -1 2 0 0 0 0 0 0/0 9:34 0:00 0:00
T.J. Hensick 1 0 1 -1 0 3 0 0 1 0 7/12 13:09 0:57 0:00
Tim Erixon 0 0 0 -1 0 0 0 0 0 0 0/0 11:51 0:00 2:16
3 Stars
1 - Tom Gilbert (Pro)
2 - Tanner Glass (Pro)
3 - Brad Isbister (Pro)
Power Play
Punishers - 2 on 11 Attempt(s) - 18,18%
Demolitions - 0 on 1 Attempt(s) - 0,00%
Penalty Kill
Punishers - 1 on 1 Attempt(s) - 100,00%
- Score 0 goal in Penalty Kill
Demolitions - 9 on 11 Attempt(s) - 81,82%
- Score 1 goal in Penalty Kill
Official
Referees : Fraser Kerry and Kimmerly Greg
Linesman : Mark Shewchyk and Thor Nelson
Game Notes
6:37 of 1st period - Penalty Shot by Kyle Cumiskey for Demolitions - Stopped by Robin Lehner
Justin Pogge enters game at 8:24 of 1st period
Mike Grier beats up Brad Richardson at 0:50 of 3rd period
Finance
Level 1 -- Attendance: 1340 (67,00%) -- Ticket Income 46 900 $
Level 2 -- Attendance: 696 (69,60%) -- Ticket Income 10 440 $
Total Attendance: 2036 (67,87%)
Total Ticket Income: 57 340 $
Other Income: 2 867 $
Total Income: 60 207 $
Punishers
5 vs 5 Forward
Center Left Wing Right Wing Time % Phy DF OF
1 Éric Perrin Kris Chucko Mike Grier 40 1 2 2
2 Petteri Nokelainen Tanner Glass Adam Pineault 30 1 2 2
3 Casey Cizikas Brad Isbister Mike Blunden 20 1 2 2
4 Brandon McMillan Radek Smolenak Troy Bodie 10 1 2 2
5 vs 5 Defense
Defense Defense Time % Phy DF OF
1 Tom Gilbert Keaton Ellerby 40 1 2 2
2 Mark Fraser Justin Falk 30 1 2 2
3 Mike Weber Adam McQuaid 20 1 2 2
4 Zach Jones Simon Despres 10 1 2 2
PowerPlay Forward
Center Left Wing Right Wing Time % Phy DF OF
1 Éric Perrin Kris Chucko Mike Grier 60 1 2 2
2 Petteri Nokelainen Tanner Glass Adam Pineault 40 1 2 2
PowerPlay Defense
Defense Defense Time % Phy DF OF
1 Tom Gilbert Keaton Ellerby 60 1 2 2
2 Mark Fraser Adam McQuaid 40 1 2 2
Penalty Kill 4 Players Forward
Center Wing Time % Phy DF OF
1 Petteri Nokelainen Mike Grier 60 1 2 2
2 Tanner Glass Brad Isbister 40 1 2 2
Penalty Kill 4 Players Defense
Defense Defense Time % Phy DF OF
1 Mark Fraser Keaton Ellerby 60 1 2 2
2 Tom Gilbert Justin Falk 40 1 2 2
Penalty Kill - 3 Players Forward
Forward Time % Phy DF OF
1 Petteri Nokelainen 60 1 2 2
2 Mike Grier 40 1 2 2
Penalty Kill - 3 Players Defense
Defense Defense Time % Phy DF OF
1 Mark Fraser Keaton Ellerby 60 1 2 2
2 Tom Gilbert Justin Falk 40 1 2 2
4 vs 4 Forward
Center Wing Time % Phy DF OF
1 Éric Perrin Kris Chucko 60 1 2 2
2 Petteri Nokelainen Tanner Glass 40 1 2 2
4 vs 4 Defense
Defense Defense Time % Phy DF OF
1 Tom Gilbert Keaton Ellerby 60 1 2 2
2 Mark Fraser Justin Falk 40 1 2 2
Last Minutes Offensive
Center Left Wing Right Wing Defense Defense
Éric Perrin Kris Chucko Mike Grier Tom Gilbert Keaton Ellerby
Last Minutes Defensive
Center Left Wing Right Wing Defense Defense
Petteri Nokelainen Tanner Glass Mike Grier Mark Fraser Keaton Ellerby
Goaltenders
Starting : Robin Lehner
Backup : Kevin Poulin
Extra Forwards
Normal : Casey Cizikas, Kris Chucko, Petteri Nokelainen - PP : Casey Cizikas, Brandon McMillan - PK : Brad Isbister
Extra Defensemen
Normal : Justin Falk, Keaton Ellerby, Simon Despres - PP : Mike Weber - PK : Adam McQuaid, Zach Jones
Penalty Shots
Brad Isbister, Tanner Glass, Kris Chucko, Mike Grier, Éric Perrin
Demolitions
5 vs 5 Forward
Center Left Wing Right Wing Time % Phy DF OF
1 Ryan Craig Daniel Paille Brad Richardson 40 1 2 2
2 T.J. Hensick Bobby Butler Jeremy Williams 30 1 2 2
3 Darren Helm Jordan LaVallee Anthony Stewart 20 1 2 2
4 Corban Knight Petr Vrana Konstantin Pushkarev 10 1 2 2
5 vs 5 Defense
Defense Defense Time % Phy DF OF
1 Kyle Cumiskey Anton Babchuk 40 1 2 2
2 Karl Alzner Anssi Salmela 30 1 2 2
3 Seth Helgeson Tim Erixon 20 1 2 2
4 Chris Wideman Kyle Cumiskey 10 1 2 2
PowerPlay Forward
Center Left Wing Right Wing Time % Phy DF OF
1 Ryan Craig Daniel Paille Brad Richardson 60 1 2 2
2 T.J. Hensick Bobby Butler Jeremy Williams 40 1 2 2
PowerPlay Defense
Defense Defense Time % Phy DF OF
1 Kyle Cumiskey Anton Babchuk 60 1 2 2
2 Karl Alzner Anssi Salmela 40 1 2 2
Penalty Kill 4 Players Forward
Center Wing Time % Phy DF OF
1 Daniel Paille Brad Richardson 60 1 2 2
2 Jeremy Williams Anthony Stewart 40 1 2 2
Penalty Kill 4 Players Defense
Defense Defense Time % Phy DF OF
1 Kyle Cumiskey Anton Babchuk 60 1 2 2
2 Karl Alzner Anssi Salmela 40 1 2 2
Penalty Kill - 3 Players Forward
Forward Time % Phy DF OF
1 Daniel Paille 60 1 2 2
2 Brad Richardson 40 1 2 2
Penalty Kill - 3 Players Defense
Defense Defense Time % Phy DF OF
1 Kyle Cumiskey Anton Babchuk 60 1 2 2
2 Karl Alzner Anssi Salmela 40 1 2 2
4 vs 4 Forward
Center Wing Time % Phy DF OF
1 Daniel Paille Brad Richardson 60 1 2 2
2 Jeremy Williams Anthony Stewart 40 1 2 2
4 vs 4 Defense
Defense Defense Time % Phy DF OF
1 Kyle Cumiskey Anton Babchuk 60 1 2 2
2 Karl Alzner Anssi Salmela 40 1 2 2
Last Minutes Offensive
Center Left Wing Right Wing Defense Defense
Ryan Craig Daniel Paille Brad Richardson Kyle Cumiskey Anton Babchuk
Last Minutes Defensive
Center Left Wing Right Wing Defense Defense
Ryan Craig Daniel Paille Brad Richardson Kyle Cumiskey Anton Babchuk
Goaltenders
Starting : Brent Krahn
Backup : Justin Pogge
Extra Forwards
Normal : Darren Helm, Jordan LaVallee, Petr Vrana - PP : Darren Helm, Jordan LaVallee - PK : Petr Vrana
Extra Defensemen
Normal : Seth Helgeson, Tim Erixon, Chris Wideman - PP : Seth Helgeson - PK : Tim Erixon, Chris Wideman
Penalty Shots
Daniel Paille, Brad Richardson, Jeremy Williams, Anthony Stewart, Ryan Craig
% Time on Ice - Punishers
Lines # - Real PCT - Wanted PCT - Time Play
Normal Forward
1 - 36% - 40% - 14:51
2 - 27% - 30% - 11:08
3 - 20% - 20% - 8:14
4 - 17% - 10% - 7:01
Normal Defense
1 - 38% - 40% - 15:34
2 - 29% - 30% - 11:49
3 - 15% - 20% - 6:23
4 - 18% - 10% - 7:28
PP Forward
1 - 56% - 60% - 9:23
2 - 44% - 40% - 7:24
PP Defense
1 - 61% - 60% - 10:18
2 - 39% - 40% - 6:29
PK Forward
1 - 100% - 60% - 1:59
2 - 0% - 40% - 0:00
PK Defense
1 - 51% - 60% - 1:01
2 - 49% - 40% - 0:58
PK3 Forward
1 - 0% - 60%
2 - 0% - 40%
PK3 Defense
1 - 0% - 60%
2 - 0% - 40%
44 Forward
1 - 0% - 60%
2 - 0% - 40%
44 Defense
1 - 0% - 60%
2 - 0% - 40%
Last Minute Offensive - 0:00
Last Minute Defensive - 0:00
Total
Forward - 60:00
Defense - 60:00
|
% Time on Ice - Demolitions
Lines # - Real PCT - Wanted PCT - Time Play
Normal Forward
1 - 34% - 40% - 13:58
2 - 30% - 30% - 12:24
3 - 18% - 20% - 7:37
4 - 18% - 10% - 7:15
Normal Defense
1 - 37% - 40% - 15:06
2 - 31% - 30% - 12:51
3 - 23% - 20% - 9:35
4 - 9% - 10% - 3:42
PP Forward
1 - 52% - 60% - 1:02
2 - 48% - 40% - 0:57
PP Defense
1 - 69% - 60% - 1:22
2 - 31% - 40% - 0:37
PK Forward
1 - 69% - 60% - 11:35
2 - 31% - 40% - 5:12
PK Defense
1 - 58% - 60% - 9:45
2 - 42% - 40% - 7:02
PK3 Forward
1 - 0% - 60%
2 - 0% - 40%
PK3 Defense
1 - 0% - 60%
2 - 0% - 40%
44 Forward
1 - 0% - 60%
2 - 0% - 40%
44 Defense
1 - 0% - 60%
2 - 0% - 40%
Last Minute Offensive - 0:00
Last Minute Defensive - 0:00
Total
Forward - 60:00
Defense - 60:00
|
Play by Play
1st period
0:01 of 1st period - Éric Perrin wins face-off versus Ryan Craig in neutral zone.
0:13 of 1st period - Minor Penalty to Brad Richardson for Holding.
0:14 of 1st period - Daniel Paille wins face-off versus Éric Perrin in Demolitions zone.
0:51 of 1st period - Kyle Cumiskey is hit by Mike Grier and loses puck.
0:56 of 1st period - Snap shot by Éric Perrin.
0:56 of 1st period - Shot Misses the Net.
0:58 of 1st period - Snap shot by Mark Fraser.
0:58 of 1st period - Goal by Mark Fraser - Punishers : 1 - Demolitions : 0.
0:59 of 1st period - Petteri Nokelainen wins face-off versus T.J. Hensick in neutral zone.
1:12 of 1st period - Slapshot by Adam Pineault.
1:12 of 1st period - Shot Blocked by Anssi Salmela.
1:14 of 1st period - Slapshot by Justin Falk.
1:14 of 1st period - Stopped by Brent Krahn with a rebound.
1:33 of 1st period - Snap shot by Brad Isbister.
1:33 of 1st period - Goal by Brad Isbister - Punishers : 2 - Demolitions : 0.
1:34 of 1st period - Darren Helm wins face-off versus Éric Perrin in neutral zone.
1:41 of 1st period - Snap shot by Kris Chucko.
1:41 of 1st period - Shot Blocked by Anthony Stewart.
2:06 of 1st period - Slapshot by Tom Gilbert.
2:06 of 1st period - Stopped by Brent Krahn with a rebound.
2:09 of 1st period - Icing by Anton Babchuk.
2:10 of 1st period - Ryan Craig wins face-off versus Éric Perrin in Demolitions zone.
2:25 of 1st period - Slapshot by Ryan Craig.
2:25 of 1st period - Stopped by Robin Lehner with a rebound.
3:06 of 1st period - Off-side.
3:07 of 1st period - Jeremy Williams wins face-off versus Éric Perrin in neutral zone.
3:20 of 1st period - Snap shot by Kris Chucko.
3:20 of 1st period - Shot Misses the Net.
4:03 of 1st period - Icing by Petr Vrana.
4:04 of 1st period - Éric Perrin wins face-off versus Corban Knight in Demolitions zone.
4:05 of 1st period - Slapshot by Kris Chucko.
4:05 of 1st period - Shot Blocked by Konstantin Pushkarev.
4:07 of 1st period - Wrist shot by Mike Grier.
4:07 of 1st period - Shot Blocked by Karl Alzner.
4:09 of 1st period - Wrist shot by Mike Grier.
4:09 of 1st period - Goal by Mike Grier - Punishers : 3 - Demolitions : 0.
4:10 of 1st period - T.J. Hensick wins face-off versus Éric Perrin in neutral zone.
5:53 of 1st period - Wrist shot by Jeremy Williams.
5:53 of 1st period - Stopped by Robin Lehner without a rebound.
5:54 of 1st period - Ryan Craig wins face-off versus Petteri Nokelainen in Punishers zone.
6:15 of 1st period - Double Minor Penalty to Chris Wideman for Roughing.
6:16 of 1st period - Tanner Glass wins face-off versus Daniel Paille in Demolitions zone.
6:23 of 1st period - Slapshot by Adam Pineault.
6:23 of 1st period - Stopped by Brent Krahn with a rebound.
6:25 of 1st period - Slapshot by Tom Gilbert.
6:25 of 1st period - Shot Misses the Net.
6:37 of 1st period - Penalty Shot by Kyle Cumiskey for Demolitions.
6:37 of 1st period - Backhand shot by Kyle Cumiskey.
6:37 of 1st period - Stopped by Robin Lehner.
6:38 of 1st period - Petteri Nokelainen wins face-off versus Brad Richardson in Demolitions zone.
6:41 of 1st period - Snap shot by Adam Pineault.
6:41 of 1st period - Shot Blocked by Anssi Salmela.
6:43 of 1st period - Slapshot by Keaton Ellerby.
6:43 of 1st period - Shot Blocked by Anssi Salmela.
6:45 of 1st period - Slapshot by Keaton Ellerby.
6:45 of 1st period - Stopped by Brent Krahn with a rebound.
7:48 of 1st period - Wrist shot by Petr Vrana.
7:48 of 1st period - Goal by Petr Vrana - Punishers : 3 - Demolitions : 1.
7:49 of 1st period - Daniel Paille wins face-off versus Éric Perrin in neutral zone.
8:20 of 1st period - Wrist shot by Petteri Nokelainen.
8:20 of 1st period - Deflect By Anton Babchuk.
8:20 of 1st period - Shot Misses the Net.
8:20 of 1st period - Puck is out of play.
8:21 of 1st period - Petteri Nokelainen wins face-off versus Daniel Paille in Demolitions zone.
8:24 of 1st period - Snap shot by Tanner Glass.
8:24 of 1st period - Goal by Tanner Glass - Punishers : 4 - Demolitions : 1.
8:24 of 1st period - Justin Pogge enters game.
8:25 of 1st period - Petteri Nokelainen wins face-off versus Brad Richardson in neutral zone.
8:35 of 1st period - Wrist shot by Brad Richardson.
8:35 of 1st period - Shot Blocked by Keaton Ellerby.
8:37 of 1st period - Snap shot by Brad Richardson.
8:37 of 1st period - Stopped by Robin Lehner without a rebound.
8:38 of 1st period - Ryan Craig wins face-off versus Petteri Nokelainen in Punishers zone.
9:03 of 1st period - Darren Helm is hit by Tom Gilbert and loses puck.
9:22 of 1st period - Wrist shot by Petr Vrana.
9:22 of 1st period - Shot Blocked by Keaton Ellerby.
9:42 of 1st period - Jeremy Williams is hit by Troy Bodie and loses puck.
10:05 of 1st period - Wrist shot by Daniel Paille.
10:05 of 1st period - Stopped by Robin Lehner with a rebound.
11:19 of 1st period - Wrist shot by Jeremy Williams.
11:19 of 1st period - Shot Blocked by Mark Fraser.
11:29 of 1st period - Wrist shot by Adam Pineault.
11:29 of 1st period - Stopped by Justin Pogge with a rebound.
12:27 of 1st period - Off-side.
12:28 of 1st period - T.J. Hensick wins face-off versus Brandon McMillan in neutral zone.
12:30 of 1st period - Minor Penalty to Jeremy Williams for Holding.
12:31 of 1st period - Daniel Paille wins face-off versus Éric Perrin in Demolitions zone.
12:41 of 1st period - Wrist shot by Kris Chucko.
12:41 of 1st period - Stopped by Justin Pogge with a rebound.
12:43 of 1st period - Snap shot by Kris Chucko.
12:43 of 1st period - Shot Blocked by Anton Babchuk.
12:45 of 1st period - Wrist shot by Mike Grier.
12:45 of 1st period - Stopped by Justin Pogge without a rebound.
12:46 of 1st period - Daniel Paille wins face-off versus Éric Perrin in Demolitions zone.
12:55 of 1st period - Snap shot by Tom Gilbert.
12:55 of 1st period - Stopped by Justin Pogge with a rebound.
13:11 of 1st period - Adam Pineault is hit by Kyle Cumiskey and loses puck.
13:36 of 1st period - Daniel Paille is hit by Petteri Nokelainen.
13:46 of 1st period - Anton Babchuk is hit by Kris Chucko and loses puck.
14:30 of 1st period - Penalty to Jeremy Williams is over, Jeremy Williams is back on ice.
14:35 of 1st period - Karl Alzner is hit by Brad Isbister.
14:55 of 1st period - Jeremy Williams is hit by Brad Isbister and loses puck.
15:06 of 1st period - Snap shot by Daniel Paille.
15:06 of 1st period - Shot Misses the Net.
15:08 of 1st period - Slapshot by Brad Richardson.
15:08 of 1st period - Deflect By Daniel Paille.
15:08 of 1st period - Stopped by Robin Lehner without a rebound.
15:09 of 1st period - Corban Knight wins face-off versus Brandon McMillan in Punishers zone.
15:14 of 1st period - Snap shot by Petr Vrana.
15:14 of 1st period - Stopped by Robin Lehner with a rebound.
15:57 of 1st period - Slapshot by Kris Chucko.
15:57 of 1st period - Deflect By Éric Perrin.
15:57 of 1st period - Stopped by Justin Pogge without a rebound.
15:58 of 1st period - Kris Chucko wins face-off versus Corban Knight in Demolitions zone.
16:19 of 1st period - Minor Penalty to Petr Vrana for Hooking.
16:20 of 1st period - Brad Richardson wins face-off versus Éric Perrin in Demolitions zone.
16:35 of 1st period - Snap shot by Mike Grier.
16:35 of 1st period - Deflect By Kris Chucko.
16:35 of 1st period - Stopped by Justin Pogge with a rebound.
16:49 of 1st period - Slapshot by Tom Gilbert.
16:49 of 1st period - Deflect By Anthony Stewart.
16:49 of 1st period - Stopped by Justin Pogge without a rebound.
16:50 of 1st period - Jeremy Williams wins face-off versus Kris Chucko in Demolitions zone.
16:50 of 1st period - Jeremy Williams is hit by Éric Perrin.
18:19 of 1st period - Penalty to Petr Vrana is over, Petr Vrana is back on ice.
18:25 of 1st period - Backhand shot by Brad Isbister.
18:25 of 1st period - Shot Hit the Post.
18:27 of 1st period - Snap shot by Mike Blunden.
18:27 of 1st period - Shot Misses the Net.
18:29 of 1st period - Slapshot by Simon Despres.
18:29 of 1st period - Shot Blocked by Anton Babchuk.
18:31 of 1st period - Snap shot by Brad Isbister.
18:31 of 1st period - Shot Blocked by Kyle Cumiskey.
18:55 of 1st period - Wrist shot by Mike Blunden.
18:55 of 1st period - Stopped by Justin Pogge without a rebound.
18:56 of 1st period - T.J. Hensick wins face-off versus Éric Perrin in Demolitions zone.
19:22 of 1st period - Brad Richardson is hit by Petteri Nokelainen and loses puck.
19:39 of 1st period - Snap shot by Brad Richardson.
19:39 of 1st period - Stopped by Robin Lehner with a rebound.
19:41 of 1st period - Snap shot by Karl Alzner.
19:41 of 1st period - Stopped by Robin Lehner without a rebound.
19:42 of 1st period - Darren Helm wins face-off versus Brandon McMillan in Punishers zone.
19:47 of 1st period - Snap shot by Anthony Stewart.
19:47 of 1st period - Stopped by Robin Lehner without a rebound.
19:48 of 1st period - Ryan Craig wins face-off versus Éric Perrin in Punishers zone.
19:49 of 1st period - Wrist shot by Brad Richardson.
19:49 of 1st period - Deflect By Daniel Paille.
19:49 of 1st period - Stopped by Robin Lehner without a rebound.
19:50 of 1st period - Éric Perrin wins face-off versus Ryan Craig in Punishers zone.
Goals for this period are 4 for Punishers vs 1 for Demolitions.
Shots for this period are 16 for Punishers vs 11 for Demolitions.
2nd period
0:01 of 2nd period - Éric Perrin wins face-off versus Ryan Craig in neutral zone.
0:15 of 2nd period - Snap shot by Daniel Paille.
0:15 of 2nd period - Stopped by Robin Lehner without a rebound.
0:16 of 2nd period - T.J. Hensick wins face-off versus Petteri Nokelainen in Punishers zone.
0:29 of 2nd period - Wrist shot by Tom Gilbert.
0:29 of 2nd period - Deflect By Adam Pineault.
0:29 of 2nd period - Goal by Adam Pineault - Punishers : 5 - Demolitions : 1.
0:30 of 2nd period - Éric Perrin wins face-off versus Ryan Craig in neutral zone.
0:33 of 2nd period - Snap shot by Kris Chucko.
0:33 of 2nd period - Shot Misses the Net.
2:04 of 2nd period - Snap shot by Kris Chucko.
2:04 of 2nd period - Deflect By Éric Perrin.
2:04 of 2nd period - Stopped by Justin Pogge with a rebound.
3:13 of 2nd period - Wrist shot by Troy Bodie.
3:13 of 2nd period - Shot Misses the Net.
3:33 of 2nd period - Bobby Butler is hit by Simon Despres and loses puck.
3:40 of 2nd period - Snap shot by Tanner Glass.
3:40 of 2nd period - Stopped by Justin Pogge with a rebound.
3:54 of 2nd period - Mike Grier is hit by Anthony Stewart and loses puck.
4:13 of 2nd period - Icing by Adam McQuaid.
4:14 of 2nd period - Brad Richardson wins face-off versus Casey Cizikas in Punishers zone.
4:25 of 2nd period - Slapshot by Brad Richardson.
4:25 of 2nd period - Shot Misses the Net.
4:38 of 2nd period - Off-side.
4:39 of 2nd period - Petteri Nokelainen wins face-off versus T.J. Hensick in neutral zone.
4:52 of 2nd period - Snap shot by Petteri Nokelainen.
4:52 of 2nd period - Stopped by Justin Pogge without a rebound.
4:53 of 2nd period - Ryan Craig wins face-off versus Éric Perrin in Demolitions zone.
4:53 of 2nd period - Ryan Craig is hit by Mike Grier.
5:47 of 2nd period - Wrist shot by Darren Helm.
5:47 of 2nd period - Stopped by Robin Lehner with a rebound.
5:49 of 2nd period - Slapshot by Jordan LaVallee.
5:49 of 2nd period - Shot Misses the Net.
5:59 of 2nd period - Casey Cizikas is hit by Brad Richardson and loses puck.
6:23 of 2nd period - Corban Knight is hit by Kris Chucko and loses puck.
6:44 of 2nd period - Backhand shot by Jordan LaVallee.
6:44 of 2nd period - Deflect By Darren Helm.
6:44 of 2nd period - Shot Misses the Net.
6:44 of 2nd period - Puck is out of play.
6:45 of 2nd period - Petteri Nokelainen wins face-off versus Darren Helm in Punishers zone.
7:19 of 2nd period - Wrist shot by Éric Perrin.
7:19 of 2nd period - Stopped by Justin Pogge with a rebound.
7:21 of 2nd period - Slapshot by Mike Grier.
7:21 of 2nd period - Stopped by Justin Pogge with a rebound.
7:31 of 2nd period - Snap shot by Ryan Craig.
7:31 of 2nd period - Stopped by Robin Lehner without a rebound.
7:32 of 2nd period - Ryan Craig wins face-off versus Radek Smolenak in Punishers zone.
7:39 of 2nd period - Snap shot by Brad Richardson.
7:39 of 2nd period - Stopped by Robin Lehner with a rebound.
7:41 of 2nd period - Wrist shot by Brad Richardson.
7:41 of 2nd period - Shot Misses the Net.
7:43 of 2nd period - Slapshot by Kyle Cumiskey.
7:43 of 2nd period - Shot Blocked by Mark Fraser.
7:47 of 2nd period - Slapshot by Brad Richardson.
7:47 of 2nd period - Shot Misses the Net.
7:57 of 2nd period - Éric Perrin is hit by Kyle Cumiskey and loses puck.
8:18 of 2nd period - Wrist shot by Adam Pineault.
8:18 of 2nd period - Shot Misses the Net.
9:08 of 2nd period - Snap shot by Darren Helm.
9:08 of 2nd period - Stopped by Robin Lehner without a rebound.
9:09 of 2nd period - T.J. Hensick wins face-off versus Éric Perrin in Punishers zone.
9:38 of 2nd period - Minor Penalty to Anssi Salmela for Holding.
9:39 of 2nd period - Kris Chucko wins face-off versus Daniel Paille in Demolitions zone.
9:42 of 2nd period - Snap shot by Mike Grier.
9:42 of 2nd period - Stopped by Justin Pogge without a rebound.
9:43 of 2nd period - Daniel Paille wins face-off versus Éric Perrin in Demolitions zone.
9:54 of 2nd period - Daniel Paille is hit by Tom Gilbert and loses puck.
10:18 of 2nd period - Off-side.
10:19 of 2nd period - Jeremy Williams wins face-off versus Petteri Nokelainen in neutral zone.
11:38 of 2nd period - Penalty to Anssi Salmela is over, Anssi Salmela is back on ice.
11:56 of 2nd period - Wrist shot by Mike Blunden.
11:56 of 2nd period - Goal by Mike Blunden - Punishers : 6 - Demolitions : 1.
11:57 of 2nd period - Petteri Nokelainen wins face-off versus Ryan Craig in neutral zone.
12:01 of 2nd period - Off-side.
12:02 of 2nd period - Ryan Craig wins face-off versus Petteri Nokelainen in neutral zone.
12:04 of 2nd period - Off-side.
12:05 of 2nd period - Petteri Nokelainen wins face-off versus Ryan Craig in neutral zone.
12:13 of 2nd period - Minor Penalty to Petteri Nokelainen for Close Hand On Puck.
12:14 of 2nd period - Ryan Craig wins face-off versus Brad Isbister in Punishers zone.
13:26 of 2nd period - T.J. Hensick is hit by Tom Gilbert and loses puck.
14:13 of 2nd period - Penalty to Petteri Nokelainen is over, Petteri Nokelainen is back on ice.
14:34 of 2nd period - Keaton Ellerby is hit by Anssi Salmela and loses puck.
14:51 of 2nd period - Snap shot by Jordan LaVallee.
14:51 of 2nd period - Shot Blocked by Mark Fraser.
15:36 of 2nd period - Brad Isbister is hit by Kyle Cumiskey and loses puck.
15:49 of 2nd period - Snap shot by Brad Richardson.
15:49 of 2nd period - Shot Misses the Net.
15:51 of 2nd period - Snap shot by Kyle Cumiskey.
15:51 of 2nd period - Stopped by Robin Lehner with a rebound.
15:53 of 2nd period - Snap shot by Kyle Cumiskey.
15:53 of 2nd period - Shot Misses the Net.
16:03 of 2nd period - Karl Alzner is hit by Kris Chucko and loses puck.
16:58 of 2nd period - Tim Erixon is hit by Brandon McMillan and loses puck.
17:15 of 2nd period - Snap shot by Bobby Butler.
17:15 of 2nd period - Shot Misses the Net.
18:35 of 2nd period - Slapshot by Karl Alzner.
18:35 of 2nd period - Shot Blocked by Tom Gilbert.
18:43 of 2nd period - Keaton Ellerby is hit by Ryan Craig and loses puck.
19:07 of 2nd period - Wrist shot by T.J. Hensick.
19:07 of 2nd period - Stopped by Robin Lehner without a rebound.
19:08 of 2nd period - Petteri Nokelainen wins face-off versus T.J. Hensick in Punishers zone.
19:08 of 2nd period - Petteri Nokelainen is hit by Anton Babchuk.
19:18 of 2nd period - Wrist shot by Adam Pineault.
19:18 of 2nd period - Shot Blocked by Jeremy Williams.
Goals for this period are 2 for Punishers vs 0 for Demolitions.
Shots for this period are 8 for Punishers vs 7 for Demolitions.
3rd period
0:01 of 3rd period - Ryan Craig wins face-off versus Kris Chucko in neutral zone.
0:26 of 3rd period - T.J. Hensick is hit by Petteri Nokelainen and loses puck.
0:35 of 3rd period - Slapshot by Petteri Nokelainen.
0:35 of 3rd period - Stopped by Justin Pogge without a rebound.
0:36 of 3rd period - Ryan Craig wins face-off versus Éric Perrin in Demolitions zone.
0:50 of 3rd period - Mike Grier beats up Brad Richardson.
0:50 of 3rd period - Penalty to Brad Richardson for Fighting.
0:50 of 3rd period - Penalty to Mike Grier for Fighting.
0:51 of 3rd period - Ryan Craig wins face-off versus Éric Perrin in Punishers zone.
0:54 of 3rd period - Backhand shot by Darren Helm.
0:54 of 3rd period - Stopped by Robin Lehner with a rebound.
1:00 of 3rd period - Ryan Craig is hit by Tom Gilbert and loses puck.
1:23 of 3rd period - Wrist shot by Bobby Butler.
1:23 of 3rd period - Stopped by Robin Lehner without a rebound.
1:24 of 3rd period - T.J. Hensick wins face-off versus Petteri Nokelainen in Punishers zone.
1:56 of 3rd period - Snap shot by Daniel Paille.
1:56 of 3rd period - Stopped by Robin Lehner with a rebound.
1:58 of 3rd period - Snap shot by Daniel Paille.
1:58 of 3rd period - Shot Misses the Net.
2:26 of 3rd period - Slapshot by Radek Smolenak.
2:26 of 3rd period - Stopped by Justin Pogge without a rebound.
2:27 of 3rd period - Petteri Nokelainen wins face-off versus T.J. Hensick in Demolitions zone.
2:34 of 3rd period - Wrist shot by Tanner Glass.
2:34 of 3rd period - Shot Blocked by Kyle Cumiskey.
2:36 of 3rd period - Minor Penalty to Bobby Butler for High sticking.
2:37 of 3rd period - Daniel Paille wins face-off versus Éric Perrin in Demolitions zone.
3:14 of 3rd period - Snap shot by Adam Pineault.
3:14 of 3rd period - Shot Misses the Net.
3:16 of 3rd period - Backhand shot by Adam Pineault.
3:16 of 3rd period - Shot Misses the Net.
4:08 of 3rd period - Casey Cizikas is hit by Corban Knight and loses puck.
4:33 of 3rd period - Snap shot by Mike Blunden.
4:33 of 3rd period - Stopped by Justin Pogge without a rebound.
4:34 of 3rd period - Daniel Paille wins face-off versus Brandon McMillan in Demolitions zone.
4:36 of 3rd period - Penalty to Bobby Butler is over, Bobby Butler is back on ice.
4:47 of 3rd period - T.J. Hensick is hit by Brandon McMillan.
5:15 of 3rd period - Daniel Paille is hit by Mark Fraser and loses puck.
5:26 of 3rd period - Casey Cizikas is hit by Anthony Stewart and loses puck.
5:41 of 3rd period - Bobby Butler is hit by Troy Bodie.
6:32 of 3rd period - Snap shot by T.J. Hensick.
6:32 of 3rd period - Deflect By Bobby Butler.
6:32 of 3rd period - Stopped by Robin Lehner without a rebound.
6:33 of 3rd period - T.J. Hensick wins face-off versus Petteri Nokelainen in Punishers zone.
6:38 of 3rd period - Wrist shot by T.J. Hensick.
6:38 of 3rd period - Stopped by Robin Lehner without a rebound.
6:39 of 3rd period - Petteri Nokelainen wins face-off versus Ryan Craig in Punishers zone.
6:39 of 3rd period - Petteri Nokelainen is hit by Brad Richardson.
6:42 of 3rd period - Icing by Tanner Glass.
6:43 of 3rd period - Ryan Craig wins face-off versus Petteri Nokelainen in Punishers zone.
6:46 of 3rd period - Wrist shot by Brad Richardson.
6:46 of 3rd period - Stopped by Robin Lehner with a rebound.
6:54 of 3rd period - Snap shot by Tanner Glass.
6:54 of 3rd period - Stopped by Justin Pogge without a rebound.
6:55 of 3rd period - Daniel Paille wins face-off versus Éric Perrin in Demolitions zone.
6:59 of 3rd period - Minor Penalty to Kyle Cumiskey for Interference.
7:00 of 3rd period - Daniel Paille wins face-off versus Kris Chucko in Demolitions zone.
8:59 of 3rd period - Penalty to Kyle Cumiskey is over, Kyle Cumiskey is back on ice.
9:03 of 3rd period - Snap shot by Anssi Salmela.
9:03 of 3rd period - Deflect By Kyle Cumiskey.
9:03 of 3rd period - Shot Misses the Net.
9:03 of 3rd period - Puck is out of play.
9:04 of 3rd period - Brad Isbister wins face-off versus T.J. Hensick in Punishers zone.
9:17 of 3rd period - Snap shot by T.J. Hensick.
9:17 of 3rd period - Goal by T.J. Hensick - Punishers : 6 - Demolitions : 2.
9:18 of 3rd period - Mike Grier wins face-off versus Ryan Craig in neutral zone.
11:01 of 3rd period - Snap shot by Bobby Butler.
11:01 of 3rd period - Stopped by Robin Lehner with a rebound.
11:38 of 3rd period - Snap shot by Éric Perrin.
11:38 of 3rd period - Stopped by Justin Pogge without a rebound.
11:39 of 3rd period - Petteri Nokelainen wins face-off versus Ryan Craig in Demolitions zone.
11:54 of 3rd period - Slapshot by Petteri Nokelainen.
11:54 of 3rd period - Shot Misses the Net.
12:00 of 3rd period - Minor Penalty to Ryan Craig for Close Hand On Puck.
12:01 of 3rd period - Brad Richardson wins face-off versus Petteri Nokelainen in Demolitions zone.
12:01 of 3rd period - Brad Richardson is hit by Tanner Glass.
13:15 of 3rd period - Kris Chucko is hit by Petr Vrana and loses puck.
14:00 of 3rd period - Penalty to Ryan Craig is over, Ryan Craig is back on ice.
14:02 of 3rd period - Wrist shot by Mike Blunden.
14:02 of 3rd period - Shot Misses the Net.
14:04 of 3rd period - Snap shot by Brandon McMillan.
14:04 of 3rd period - Shot Misses the Net.
14:30 of 3rd period - Wrist shot by Jordan LaVallee.
14:30 of 3rd period - Stopped by Robin Lehner with a rebound.
14:32 of 3rd period - Snap shot by Jordan LaVallee.
14:32 of 3rd period - Goal by Jordan LaVallee - Punishers : 6 - Demolitions : 3.
14:33 of 3rd period - Ryan Craig wins face-off versus Éric Perrin in neutral zone.
15:39 of 3rd period - Kyle Cumiskey is hit by Éric Perrin and loses puck.
15:48 of 3rd period - Snap shot by Éric Perrin.
15:48 of 3rd period - Shot Misses the Net.
15:58 of 3rd period - Tom Gilbert is hit by Kyle Cumiskey and loses puck.
16:13 of 3rd period - Tom Gilbert is hit by Daniel Paille and loses puck.
16:44 of 3rd period - Minor Penalty to Seth Helgeson for Tripping.
16:45 of 3rd period - Daniel Paille wins face-off versus Éric Perrin in Demolitions zone.
17:00 of 3rd period - Slapshot by Mark Fraser.
17:00 of 3rd period - Shot Misses the Net.
17:20 of 3rd period - Off-side.
17:21 of 3rd period - Éric Perrin wins face-off versus Jeremy Williams in neutral zone.
17:36 of 3rd period - Wrist shot by Éric Perrin.
17:36 of 3rd period - Shot Blocked by Karl Alzner.
17:58 of 3rd period - Slapshot by Adam Pineault.
17:58 of 3rd period - Stopped by Justin Pogge with a rebound.
18:26 of 3rd period - Kris Chucko is hit by Anthony Stewart and loses puck.
18:44 of 3rd period - Penalty to Seth Helgeson is over, Seth Helgeson is back on ice.
18:59 of 3rd period - Snap shot by T.J. Hensick.
18:59 of 3rd period - Shot Misses the Net.
19:17 of 3rd period - Slapshot by Jordan LaVallee.
19:17 of 3rd period - Deflect By Anthony Stewart.
19:17 of 3rd period - Stopped by Robin Lehner without a rebound.
19:18 of 3rd period - Darren Helm wins face-off versus Brandon McMillan in Punishers zone.
19:19 of 3rd period - Wrist shot by Anthony Stewart.
19:19 of 3rd period - Stopped by Robin Lehner with a rebound.
19:31 of 3rd period - Wrist shot by Troy Bodie.
19:31 of 3rd period - Goal by Troy Bodie - Punishers : 7 - Demolitions : 3.
19:32 of 3rd period - Éric Perrin wins face-off versus Ryan Craig in neutral zone.
19:41 of 3rd period - Backhand shot by Éric Perrin.
19:41 of 3rd period - Shot Misses the Net.
Goals for this period are 1 for Punishers vs 2 for Demolitions.
Shots for this period are 7 for Punishers vs 12 for Demolitions.
Output by the SimonT Hockey Simulator (STHS) for François Prévost -- Original Page W3C XHTML 1.0 Valid